 Dungeon Crawl Stone Soup version 0.25-a0-578-gc91f01c39c (webtiles) character file.

Game seed: 10666614809999887548, levelgen mode: deterministic

2511 Gargoyl the Chopper (level 9, 0/74 HPs)
             Began as a Centaur Abyssal Knight on Mar 3, 2020.
             Was an Elder of Lugonu.
             Killed from afar by Maggie (23 damage)
             ... with a bolt of fire
             ... on level 6 of the Dungeon on Mar 4, 2020.
             The game lasted 00:18:25 (9312 turns).

Gargoyl the Chopper (Centaur Abyssal Knight)        Turns: 9312, Time: 00:18:25

Health: 0/74       AC:  8    Str: 16    XL:     9   Next: 28%
Magic:  13/13      EV:  7    Int: 11    God:    Lugonu [****..]
Gold:   248        SH:  0    Dex: 11    Spells: 8/8 levels left

rFire    . . .     SeeInvis .   D - +3 hand axe (freeze)
rCold    . . .     Gourm    .   (no shield)
rNeg     + . .     Faith    .   p - +0 scale mail
rPois    .         Spirit   .   d - +0 helmet
rElec    .         Reflect  .   (no cloak)
rCorr    .         Harm     .   C - +0 pair of gloves
MR       .....                  (no barding)
Stlth    ..........             (no amulet)
HPRegen  0.22/turn              A - ring of positive energy
MPRegen  0.13/turn              (no ring)

@: brilliant, flying, heavily drained, very quick
A: large, hooves 3, deformed body, speed 2, tough skin 3
a: Depart the Abyss, Bend Space, Banish, Corrupt, Renounce Religion


You were on level 6 of the Dungeon.
You worshipped Lugonu.
Lugonu was greatly pleased with you.
You were near starving.

You visited 2 branches of the dungeon, and saw 7 of its levels.
You visited the Abyss 1 time.
You also visited: Ossuary.

You collected 248 gold pieces.

Inventory:

Hand Weapons
 a - a +1 hand axe
 h - a +3 war axe
 D - a +3 hand axe of freezing (weapon)
Missiles
 w - 5 silver boomerangs (quivered)
 y - 4 boomerangs
Armour
 d - a +0 helmet (worn)
 p - a +0 scale mail (worn)
 C - a +0 pair of gloves (worn)
Jewellery
 A - a ring of positive energy (left hand)
Wands
 s - a wand of polymorph (4)
 t - a wand of iceblast (7)
Scrolls
 f - 4 scrolls of remove curse
 g - a scroll of immolation
 i - 7 scrolls of identify
 k - a scroll of blinking
 l - 2 scrolls of fear
 m - 3 scrolls of teleportation
 n - a scroll of fog {unknown}
 q - 3 scrolls of enchant armour {unknown}
 B - a scroll of enchant weapon {unknown}
Potions
 j - 2 potions of stabbing
 r - a potion of curing
 x - a potion of flight
Miscellaneous
 e - a sack of spiders
Comestibles
 c - 7 rations


   Skills:
 + Level 5.3(2.7) Fighting
 + Level 6.6(3.8) Axes
 + Level 1.2(0.0) Throwing
 * Level 5.3(2.7) Armour
 * Level 3.2(0.7) Dodging
 * Level 5.5(2.9) Invocations
 + Level 0.1(0.0) Evocations


You had 8 spell levels left.
You didn't know any spells.
Your spell library contained the following spells:

 Spells                   Type           Power        Failure   Level  Hunger
 Animate Skeleton         Necr           N/A          77%         1    None
 Pain                     Necr           #...         77%         1    None
 Sandblast                Erth           #.....       77%         1    None
 Passwall                 Tmut/Erth      #.......     88%         2    None
 Stone Arrow              Conj/Erth      #.....       98%         3    None
 Vampiric Draining        Necr           #.........   98%         3    None
 Animate Dead             Necr           N/A          100%        4    None
 Petrify                  Tmut/Erth      #.......     100%        4    None
 Agony                    Necr           #.......     100%        5    None
 Lee's Rapid Deconstruct  Erth           #.........   100%        5    None


Dungeon Overview and Level Annotations

Branches:
Dungeon (6/15)             Temple (1/1) D:6         Ossuary (visited)

Altars:
Dithmenos
Elyvilon

Shops:
D:5 [

Annotations:
D:6 Maggie


Innate Abilities, Weirdness & Mutations

You have hooves in place of feet.
Armour fits poorly on your strangely shaped body.
You cover ground very quickly.
You have extremely tough skin. (AC +3)


Message History

You feel better.
You closely miss Maggie.
Maggie is severely wounded.
Maggie hits you with a +2 broad axe of draining.
You partially resist.
You feel drained.
You hit Maggie but do no damage.
Maggie is severely wounded.
You break out of your daze.
Maggie gives herself a magical halo, but it quickly sputters out.
Maggie casts a spell.
Maggie attempts to bespell you! You resist.
You hit Maggie but do no damage.
Maggie is severely wounded.
Maggie hits you with a +2 broad axe of draining!
You partially resist.
You feel drained.
You hit Maggie. You freeze Maggie. Your kick misses Maggie.
Maggie is severely wounded.
Maggie gestures at you while chanting. The bolt of fire hits you!!
You die...

####### .#.#.#.###
#.#.#.#..# ###
.#.#.#.#.# ##.##
#.#.#.#..###.#.####.#
.#.#.#.#....#...@@..#
#.#.#.#..###...######
|#.#.#.#.# ##.## #
#.#.#.#..# #.# #
.#.#.#.#.# #.# #
#.#.#.#..# #.# #
.#.#.#.#.# #.# #
#.#.#.#..# #.# #
.........# ###


You could see Maggie.

Vanquished Creatures
  Eustachio (D:6)
  A water moccasin (D:5)
  An orc warrior (D:6)
  Purgy (D:3)
  A black bear (D:4)
  3 phantoms
  3 ogres
  2 centaurs
  3 water moccasin zombies (Ossuary)
  2 scorpions
  4 wights (D:6)
  A quasit (Abyss:2)
  3 hounds
  5 orc wizards
  Natasha (thrice) (D:3)
  2 worker ants
  Ijyb (D:3)
  2 iguanas (D:5)
  4 big kobold zombies (Ossuary)
  2 mummies (Ossuary)
  Robin (D:3)
  8 gnolls
  4 adders
  2 shadow imps
  3 adder zombies
  2 worms
  3 dart slugs
  8 leopard geckos
  33 orcs
  A ball python (D:4)
  A bat zombie (D:1)
  4 giant cockroaches
  12 hobgoblins
  6 jackals
  5 kobolds
  A quokka (D:4)
  7 bats
  6 frilled lizards
  A giant cockroach zombie (D:1)
  12 goblins
  5 hobgoblin zombies (Ossuary)
  5 kobold zombies (Ossuary)
  7 orc zombies (Ossuary)
  A quokka skeleton (D:6)
  6 rats
189 creatures vanquished.

Notes
Turn   | Place    | Note
-------+----------+-------------------------------------------
     0 | Abyss:1  | Gargoyl the Centaur Abyssal Knight began the quest for the
                  | Orb.
     0 | Abyss:1  | Reached XP level 1. HP: 19/19 MP: 2/2
    90 | Abyss:2  | Noticed a quasit
   141 | Abyss:2  | Killed a quasit
   141 | Abyss:2  | Reached skill level 2 in Axes
   141 | Abyss:2  | Reached XP level 2. HP: 14/27 MP: 3/3
   141 | Abyss:2  | Reached XP level 3. HP: 17/33 MP: 4/4
   173 | Abyss:2  | Noticed an ancient zyme
   247 | Abyss:2  | Noticed a frost giant zombie
   269 | Abyss:2  | Noticed a rakshasa
   270 | D:1      | Escaped the Abyss
   583 | D:1      | Reached * piety under Lugonu
  1145 | D:2      | Found a white marble altar of Elyvilon.
  1263 | D:2      | Reached XP level 4. HP: 40/40 MP: 5/5
  1409 | D:2      | Found a faded altar of an unknown god.
  1528 | D:2      | Reached skill level 1 in Dodging
  1630 | D:3      | Noticed Ijyb
  1654 | D:3      | Killed Ijyb
  1732 | D:3      | Reached ** piety under Lugonu
  1732 | D:3      | Reached XP level 5. HP: 25/46 MP: 7/7
  1943 | D:3      | Noticed Natasha
  1969 | D:3      | Killed Natasha
  1969 | D:3      | Reached skill level 3 in Axes
  2252 | D:3      | Noticed Robin
  2273 | D:3      | Killed Robin
  2569 | D:3      | Reached XP level 6. HP: 32/53 MP: 8/8
  2830 | D:3      | Reached *** piety under Lugonu
  2855 | D:3      | Noticed Natasha
  2867 | D:3      | Killed Natasha
  3217 | D:3      | Noticed Purgy
  3237 | D:3      | Killed Purgy
  3477 | D:3      | Noticed Natasha
  3495 | D:3      | Killed Natasha
  3938 | D:4      | Reached XP level 7. HP: 60/60 MP: 9/9
  4789 | D:4      | Identified the +4 dagger of Dissent {vorpal, rF++ Int-4}
  4980 | D:3      | Reached skill level 4 in Axes
  5076 | D:4      | Reached skill level 1 in Throwing
  5508 | D:4      | Reached XP level 8. HP: 35/67 MP: 11/11
  6065 | D:5      | Entered Level 5 of the Dungeon
  6100 | D:5      | Found a sand-covered staircase.
  6106 | Ossuary  | Entered an ossuary
  6146 | Ossuary  | Reached **** piety under Lugonu
  6444 | Ossuary  | Reached skill level 5 in Axes
  6552 | D:5      | Found Ulyep's Armour Boutique.
  6575 | D:5      | Found a shadowy altar of Dithmenos.
  6604 | D:5      | Reached skill level 5 in Fighting
  6901 | D:5      | Reached skill level 5 in Invocations
  7390 | D:6      | Reached skill level 6 in Axes
  7447 | D:6      | Reached skill level 5 in Armour
  7447 | D:6      | Reached XP level 9. HP: 57/74 MP: 12/12
  7945 | D:6      | Found a staircase to the Ecumenical Temple.
  7965 | D:6      | Noticed Eustachio
  7997 | Temple   | Entered the Ecumenical Temple
  8474 | D:6      | Killed Eustachio
  8475 | D:6      | HP: 3/111 [orc warrior/+0 glaive (11)]
  9275 | D:6      | Noticed Maggie
  9312 | D:6      | Killed from afar by Maggie

Levels and vault maps discovered:
D:1:      saegor_arrival_fortress, layout_rooms, grunt_decor_cap
D:2:      layout_basic, first_ration, chequers_ecumenical_altar_island,
          elyvilon_altar_4
D:3:      layout_loops_ring, uniq_ijyb, uniq_purgy, uniq_robin, uniq_natasha
D:4:      layout_loops_corners
D:5:      layout_rooms, serial_shops, nicolae_shop_window_shopping,
          nicolae_ossuary_entry_plus, basic_altar
D:6:      layout_loops_corners, nemelex_xobeh_ov_fountains_minmay,
          minmay_temple_entry_overgrown, minivault_23, uniq_crazy_yiuf_cottage,
          uniq_maggie, uniq_eustachio
Temple:   dpeg_five_rooms_temple

Skill      XL: |  1  2  3  4  5  6  7  8 |
---------------+-------------------------+-----
Axes           | 2 3 4 6 |  6.6
Fighting       | 4 5 |  5.3
Dodging        | 1 2 3 |  3.2
Armour         | 2 3 4 5 |  5.3
Invocations    | 3 4 5 |  5.5
Throwing       | 1 |  1.2
Evocations     | |  0.1

Action                   |  1- 3 |  4- 6 |  7- 9 || total
-------------------------+-------+-------+-------++-------
Melee: Hand axe          |    82 |   239 |   126 ||   447
       Kick              |    15 |    45 |    81 ||   141
       War axe           |       |       |   239 ||   239
Throw: Boomerang         |       |       |    15 ||    15
Invok: Depart the Abyss  |     1 |       |       ||     1
Evoke: Wand              |       |       |     2 ||     2
  Use: Scroll            |     2 |       |     5 ||     7
       Potion            |     1 |     4 |     9 ||    14
  Eat: Chunk             |       |     8 |     8 ||    16
       Ration            |       |       |     2 ||     2
Armor: Leather armour    |    34 |       |       ||    34
       Scale mail        |    12 |   124 |   165 ||   301
       Skin              |       |     7 |     6 ||    13
Dodge: Dodged            |    33 |    89 |   167 ||   289

Table legend:
 A = Non-vault XP
 B = Vault XP
 C = Vault XP percentage of total XP
 D = Non-vault monster count
 E = Vault monster count
 F = Vault count percentage of total count
                 A         B        C        D         E       F
            +---------+---------+-------+---------+---------+-------
      Total |    2749 |     839 |  23.4 |     143 |      46 |  24.3
            +---------+---------+-------+---------+---------+-------
        D:1 |      26 |       3 |  10.3 |      16 |       2 |  11.1
        D:2 |      39 |       0 |   0.0 |      17 |       0 |   0.0
        D:3 |     490 |     244 |  33.2 |      44 |      15 |  25.4
        D:4 |     707 |       0 |   0.0 |      30 |       0 |   0.0
        D:5 |     690 |       0 |   0.0 |      19 |       0 |   0.0
        D:6 |     749 |     185 |  19.8 |      15 |       1 |   6.2
     Temple |       3 |       0 |   0.0 |       1 |       0 |   0.0
    Abyss:2 |      45 |       0 |   0.0 |       1 |       0 |   0.0
    Ossuary |       0 |     407 | 100.0 |       0 |      28 | 100.0
            +---------+---------+-------+---------+---------+-------
